 Dungeon Crawl Stone Soup version 0.28-a0-535-g6f645e4c1d (webtiles) character file.

Game seed: 17867015798493847498

29 willcat the Sneak (level 3, 0/29 HPs)
             Began as a Human Delver on Sept 26, 2021.
             Splashed by a jelly's acid (3 damage)
             ... on level 6 of the Dungeon.
             The game lasted 00:00:38 (476 turns).

willcat the Sneak (Human Delver)                     Turns: 476, Time: 00:00:39

Health: 0/29       AC:  1    Str: 11    XL:     3   Next: 32%
Magic:  3/3        EV:  5    Int: 16    God:
Gold:   0          SH:  0    Dex: 14    Spells: 2/2 levels left

rFire   . . .      SeeInvis .   a - +0 short sword
rCold   . . .      Faith    .   (no shield)
rNeg    . . .      Spirit   .   h - +1 chain mail of Tulips {Harm Str-2 Int+6 Slay+4}
rPois   .          Reflect  .   (no helmet)
rElec   .          Harm     +   (no cloak)
rCorr   .          Rampage  .   (no gloves)
Will    .....                   (no boots)
Stlth   ..........              (no amulet)
HPRegen 0.09/turn               (no ring)
MPRegen 0.08/turn               (no ring)

@: corroded
A: no striking features
a: no special abilities


You were on level 6 of the Dungeon.
You visited 1 branch of the dungeon, and saw 2 of its levels.

Inventory:

Hand Weapons
 a - a +0 short sword (weapon)
Armour
 b - a +0 leather armour
 h - the +1 chain mail of Tulips (worn) {Harm Str-2 Int+6 Slay+4}
   (You found it on level 5 of the Dungeon)

   Str:       It affects your strength (-2).
   Int:       It affects your intelligence (+6).
   Slay:      It affects your accuracy & damage with ranged weapons and melee
   (+4).
   Harm:      It increases damage dealt and taken.
Wands
 g - a wand of digging (3)
Scrolls
 c - a scroll of fog
 d - a scroll of magic mapping
 e - a scroll of fear
Potions
 f - a potion of haste


   Skills:
 + Level 3.3 Fighting
 + Level 2.5 Short Blades
 + Level 1.2 Armour
 - Level 2.0 Dodging
 - Level 5.0 Stealth


You had 2 spell levels left.
You didn't know any spells.
Your spell library was empty.

Dungeon Overview and Level Annotations

Branches:
Dungeon (6/15)
 Temple: D:4-7

Altars:


Message History

You have reached level 3!
Your experience leads to an increase in your attributes!
Your base attributes are Str 12, Int 10, Dex 14.
Increase (S)trength, (I)ntelligence, or (D)exterity?
You feel stronger.
You start resting.
HP restored.
You see here an iguana corpse.
An orc comes into view. It is wielding a +0 club.
The orc shouts!
A jelly comes into view.
There are monsters nearby!
There are monsters nearby!
There are monsters nearby!
The orc barely misses you.
You closely miss the orc. The orc hits you but does no damage.
You hit the orc but do no damage. The orc hits you with a +0 club.
You closely miss the orc. The orc barely misses you.
You hit the orc.
The orc is moderately wounded.
The orc hits you but does no damage.
You see here an iguana corpse.
You puncture the orc!
You kill the orc!
The jelly hits you but does no damage.
Things that are here:
a +0 club; a +0 ring mail You hit the jelly.
The acid corrodes you!
Your hands burn!
The jelly is heavily wounded.
The jelly barely misses you.
You hit the jelly. The acid corrodes you!
Your hands burn!
The jelly is almost dead.
The jelly hits you.
You are splashed with acid!
Your chain mail of Tulips prevents you from hitting the jelly.
The jelly is almost dead.
The jelly hits you.
You are splashed with acid!
* * * LOW HITPOINT WARNING * * *
You are too injured to fight recklessly!
You hit the jelly but do no damage.
Your hands burn!
You die...

........# ........#
........# ........#
........# ........#
........# .###### #J#
....... #@# .......
#†#
.......#######.#######
.......<..)..#.......#
.......#####.#.#######
....... #.#.#
.......#####.#.#
.......+.......#
.......#####.#.#


You could see a jelly.

Vanquished Creatures
  An iguana (D:6)
  2 orcs (D:6)
3 creatures vanquished.

Notes
Turn   | Place    | Note
-------+----------+-------------------------------------------
     0 | D:5      | willcat the Human Delver began the quest for the Orb.
     0 | D:5      | Reached XP level 1. HP: 18/18 MP: 1/1
     7 | D:5      | Noticed an orc wizard
     8 | D:5      | Identified the +1 chain mail of Tulips {Harm Str-2 Int+6
                  | Slay+4}
     8 | D:5      | Noticed an orc priest
    18 | D:6      | Noticed a hound
   287 | D:6      | Noticed an iguana
   293 | D:6      | Killed an iguana
   294 | D:6      | Reached skill level 1 in Armour
   294 | D:6      | Reached XP level 2. HP: 11/24 MP: 2/2
   294 | D:6      | Reached XP level 3. HP: 13/29 MP: 3/3
   476 | D:6      | Splashed by a jelly's acid

Illustrated notes

Levels and vault maps discovered:
D:5:      layout_cave_pools, grunt_qazlal_clouds,
          minmay_temple_entry_glassed_door, serial_park, serial_park_square3
          [serial_park_minivault_5x5_3]
D:6:      layout_basic, nicolae_wu_jian_immortal_techniques, uniq_pikel

Skill      XL: |  1 |
---------------+----+-----
Armour         | 1 |  1.2
Fighting       | |  3.3
Short Blades   | |  2.5
Dodging        | |  2.0
Stealth        | |  5.0

Action                   || total
-------------------------++-------
Melee: Short sword       ||    21
Armor: Chain mail        ||     3
Dodge: Dodged            ||    11

Table legend: (Time is in decaauts)
 A = Elapsed time spent in this place.
 B = Non-inter-level travel time spent in this place.
 C = Inter-level travel time spent in this place.
 D = Time resting spent in this place.
 E = Time spent auto-exploring this place.
 F = Levels seen in this place.
 G = Mean time per level.
                   A        B        C        D        E       F      G
               +--------+--------+--------+--------+--------+-----+--------+
         Total |    475 |    475 |      0 |    403 |     14 |   2 |  237.5 |
       Dungeon |    475 |    475 |      0 |    403 |     14 |   2 |  237.5 |
               +--------+--------+--------+--------+--------+-----+--------+

Top non-repeatable levels by time:
     D:6: 457 daAuts
     D:5: 18 daAuts
